 Dungeon Crawl Stone Soup version 0.29-a0-82-g837932c90e (webtiles) character file.

Game seed: 11823525824831164099

193 HallandMoats the Skirmisher (level 5, 0/47 HPs)
             Began as a Ghoul Monk on Feb 5, 2022.
             Killed from afar by a gnoll (20 damage)
             ... with a bolt of acid
             ... on level 3 of the Dungeon.
             The game lasted 00:05:47 (2685 turns).

HallandMoats the Skirmisher (Ghoul Monk)            Turns: 2685, Time: 00:05:47

Health: 0/47       AC:  6    Str: 17    XL:     5   Next: 72%
Magic:  4/4        EV: 11    Int:  5    God:
Gold:   149        SH:  0    Dex: 11    Spells: 4/4 levels left

rFire   . . .      SeeInvis .   g - +2 short sword (elec)
rCold   + . .      Faith    .   (no shield)
rNeg    + + +      Spirit   .   e - +0 ring mail
rPois   ∞          Reflect  .   (no helmet)
rElec   .          Harm     .   (no cloak)
rCorr   .          Rampage  .   k - +0 pair of gloves
Will    .....                   (no boots)
Stlth   +.........              (no amulet)
HPRegen 0.00/turn               (no ring)
MPRegen 0.09/turn               (no ring)

@: inhibited regen
A: claws 1, cold resistance 1, negative energy resistance 3, inhibited
regeneration, torment resistance 2
a: no special abilities


You were on level 3 of the Dungeon.
You visited 1 branch of the dungeon, and saw 3 of its levels.

You collected 149 gold pieces.

Inventory:

Hand Weapons
 a - a +0 spear
 g - a +2 short sword of electrocution (weapon)
Armour
 e - a +0 ring mail (worn)
 k - a +0 pair of gloves (worn)
Jewellery
 j - a ring of wizardry
Scrolls
 c - a scroll of fog
 d - a scroll of immolation
Potions
 b - a potion of mutation {unknown}
 f - a potion of flight {unknown}
 h - a potion of might


   Skills:
 * Level 4.7 Fighting
 * Level 3.9 Polearms
 + Level 1.6 Armour
 + Level 3.3 Dodging
 - Level 2.1 Stealth


You had 4 spell levels left.
You didn't know any spells.
Your spell library was empty.

Dungeon Overview and Level Annotations

Branches:
Dungeon (3/15)

Altars:
Uskayaw

Annotations:
D:3 1 transporter, lordive's ghost, amateur HOWr


Innate Abilities, Weirdness & Mutations

You thrive by killing the living.
You are immune to poison.
You have sharp fingernails.
Your flesh is cold resistant. (rC+)
You are immune to negative energy. (rN+++)
You do not regenerate when monsters are visible.
You are immune to unholy pain and torment.


Message History

No target in view!
No target in view!
No target in view!
No target in view!
No target in view!
No target in view!
No target in view!
No target in view!
No target in view!
No target in view!
No target in view!
No target in view!
An ogre comes into view. It is wielding a +0 giant club.
An ogre is nearby!
An ogre is nearby!
An ogre is nearby!
An ogre is nearby!
The ogre shouts!
Okay, then.
Okay, then.
The ogre hits you with a +0 giant club!!
Ouch! That really hurt!
Unknown command.
Things that are here:
a +0 dagger; a +0 ring mail
Things that are here:
a +0 dagger; a +0 ring mail
Okay, then.
Lordive's ghost turns its malevolent gaze towards you.
The gnoll shouts!
The gnoll shouts!
There is a transporter here.
You enter the transporter and appear at another place.
The gnoll shouts!
The gnoll hits you from afar with a +0 spear.
The ogre barely misses you.
The gnoll hits you from afar with a +0 spear.
The gnoll closely misses you.
The gnoll zaps a wand.
The bolt of acid hits you!!
You die...

..≈≈≈≈≈≈≈≈≈≈≈≈≈≈≈≈≈≈≈≈≈≈≈≈≈..#.#
..≈≈≈≈≈≈≈≈≈≈≈≈≈≈≈≈≈≈≈≈≈≈≈≈≈....#
..≈≈#####.......... #####≈≈.##.#
..≈≈#...#.###.©.###.#...#≈≈.##.#
..≈≈#...###.#####.###...#≈≈.##.#
#.≈≈###......... .....###≈≈.##.#
#.≈≈.8# # ##g###'## #8.≈≈.##.#
#.≈≈.##.# #8O.#...#.##.≈≈.##.#
#.≈≈.#..' #⌠©.@...'..#.≈≈.##.#
#.≈≈.##.#. #8..#...#.##.≈≈....#
#.≈≈.8#.######g###'##.#8.≈≈....#
..≈≈###...g.g.........###≈≈..###
..≈≈#...###g#####©###...#≈≈..#
..≈≈#WWg#.###.©.###.#...#≈≈..#
..≈≈#####...........#####≈≈..#
..≈≈≈≈≈≈≈≈≈≈≈...≈≈≈≈≈≈≈≈≈≈≈..#
..≈≈≈≈≈≈≈≈≈≈≈...≈≈≈≈≈≈≈≈≈≈≈..#


You could see an ogre, a gnoll shaman and 3 gnolls.

Vanquished Creatures
  An iguana (D:3)
  Terence (D:2)
  A hound skeleton (D:2)
  6 adders (D:3)
  2 dart slugs
  3 orcs (D:3)
  6 endoplasms
  4 giant cockroaches
  5 goblins
  4 hobgoblins
  4 jackals (D:1)
  3 kobolds
  2 quokkas
  9 ball pythons
  4 bats
  3 frilled lizards
  9 rats
67 creatures vanquished.

Vanquished Creatures (others)
  6 plants (D:3)
6 creatures vanquished.

Grand Total: 73 creatures vanquished

Notes
Turn   | Place    | Note
-------+----------+-------------------------------------------
     0 | D:1      | HallandMoats the Ghoul Monk began the quest for the Orb.
     0 | D:1      | Reached XP level 1. HP: 19/19 MP: 0/0
   142 | D:1      | Reached XP level 2. HP: 26/26 MP: 1/1
   373 | D:1      | Reached XP level 3. HP: 33/33 MP: 2/2
   560 | D:1      | Found a faded altar of an unknown god.
   794 | D:2      | Reached skill level 1 in Armour
   998 | D:2      | Found a hide-covered altar of Uskayaw.
  1044 | D:2      | Reached skill level 4 in Fighting
  1047 | D:2      | Reached XP level 4. HP: 38/40 MP: 3/3
  1260 | D:2      | Noticed Terence
  1458 | D:2      | Killed Terence
  1817 | D:3      | Found a transporter.
  1823 | D:3      | Found a transporter.
  1907 | D:3      | Reached XP level 5. HP: 39/47 MP: 4/4
  1959 | D:3      | Noticed lordive's ghost (amateur HOWr)
  2625 | D:3      | Noticed an ogre
  2685 | D:3      | Killed from afar by a gnoll

Illustrated notes

Levels and vault maps discovered:
D:1:      beargit_arrival_greenhouse, layout_loops_ring,
          hellmonk_ecumenical_altar_leap_of_faith, st_stairs_8,
          minmay_misc_feat_plants
D:2:      wad_pebble_path, layout_rooms, basic_altar, kennysheep_cluttered_room,
          uniq_terence
D:3:      minmay_recursive_quarters, layout_basic,
          gammafunk_ghost_gnarly_gnolls, dk_noncrumbling_3

Skill      XL: |  1  2  3 |
---------------+----------+-----
Polearms       | 3 |  3.9
Armour         | 1 |  1.6
Dodging        | 3 |  3.3
Fighting       | 4 |  4.7
Stealth        | |  2.1

Action                   |  1- 3 |  4- 6 || total
-------------------------+-------+-------++-------
Melee: Spear             |    21 |       ||    21
       Short sword       |    64 |   109 ||   173
  Use: Scroll            |       |     4 ||     4
 Stab: Sleeping          |     6 |     2 ||     8
Armor: Robe              |    10 |       ||    10
       Ring mail         |       |    37 ||    37
Dodge: Dodged            |    54 |    66 ||   120

Table legend: (Time is in decaauts)
 A = Elapsed time spent in this place.
 B = Non-inter-level travel time spent in this place.
 C = Inter-level travel time spent in this place.
 D = Time resting spent in this place.
 E = Time spent auto-exploring this place.
 F = Levels seen in this place.
 G = Mean time per level.
                   A        B        C        D        E       F      G
               +--------+--------+--------+--------+--------+-----+--------+
         Total |   2703 |   2600 |    103 |    156 |   1858 |   3 |  901.0 |
       Dungeon |   2703 |   2600 |    103 |    156 |   1858 |   3 |  901.0 |
               +--------+--------+--------+--------+--------+-----+--------+

Top non-repeatable levels by time:
     D:3: 1067 daAuts
     D:1: 858 daAuts
     D:2: 777 daAuts
